 Dungeon Crawl Stone Soup version 0.21.1-1-g345015f (webtiles) character file.

2540 KleinerIrrer the Grappler (level 9, 0/84 HPs)
             Began as a Troll Hunter on Apr 4, 2018.
             Was a Believer of Okawaru.
             Slain by a troll (13 damage)
             ... on level 7 of the Dungeon.
             The game lasted 00:02:28 (5615 turns).

KleinerIrrer the Grappler (Troll Hunter)            Turns: 5615, Time: 00:02:28

Health: 0/84       AC:  5    Str: 23 (25) XL:     9   Next: 30%
Magic:  11/11      EV: 11    Int:  6 (7)  God:    Okawaru [**....]
Gold:   102        SH: 12    Dex:  8 (10) Spells: 8/8 levels left

rFire    . . .     SeeInvis .     - Unarmed
rCold    . . .     Gourm    +   e - +2 shield
rNeg     . . .     Faith    .   b - +0 robe
rPois    .         Spirit   .   (helmet restricted)
rElec    .         Reflect  .   (no cloak)
rCorr    .         Harm     .   (gloves unavailable)
MR       +....                  (boots unavailable)
Stlth    +++.......             (no amulet)
HPRegen  0.64/turn              o - ring of protection from magic
MPRegen  0.12/turn              (no ring)

@: lethally poisoned (0 -> 0), about to teleport, heroism
A: large, unfitting armour, claws 3, fast metabolism 3, gourmand, regeneration
1, shaggy fur 1, tough skin 2
a: Heroism, Renounce Religion


You were on level 7 of the Dungeon.
You worshipped Okawaru.
Okawaru was pleased with you.
You were very full.

You visited 2 branches of the dungeon, and saw 8 of its levels.

You collected 271 gold pieces.
You spent 169 gold pieces at shops.


Innate Abilities, Weirdness & Mutations

You are too large for most types of armour.
You have claws for hands.
Your metabolism is lightning-fast.
You like to eat raw meat.
Your natural rate of healing is unusually fast.
You are covered in fur. (AC +1)
You have very tough skin. (AC +2)


   Skills:
 - Level 4.0(9.0) Fighting
 - Level 3.6(8.6) Throwing
 - Level 1.5(6.5) Dodging
 - Level 0.3(5.3) Stealth
 + Level 3.0(8.0) Shields
 - Level 10.0(15.0) Unarmed Combat
 - Level 4.0 Invocations


You had 8 spell levels left.
You didn't know any spells.

Inventory:

Hand Weapons
 a - a +0 short sword
Missiles
 k - 13 tomahawks
 r - a large rock (quivered)
Armour
 b - a +0 robe (worn)
 e - a +2 shield (worn)
Jewellery
 o - a ring of protection from magic (left claw)
Wands
 m - a wand of disintegration (12)
Scrolls
 d - 2 scrolls of teleportation
 i - a scroll of silence {unknown}
Potions
 g - a potion of cancellation {unknown}
 h - a potion of resistance {unknown}
 l - 2 potions of curing
 n - 5 potions of heal wounds
 p - a potion of haste {unknown}
Comestibles
 c - 11 chunks of flesh
 f - 9 rations

Dungeon Overview and Level Annotations

Branches:
Dungeon (7/15)             Temple (1/1) D:4

Altars:
Ashenzari
Cheibriados
Dithmenos
Elyvilon
Fedhas
Gozag
Hepliaklqana
Kikubaaqudgha
Makhleb
Nemelex Xobeh
Okawaru
Qazlal
Ru
Sif Muna
Trog
Uskayaw
Vehumet
Wu Jian
Xom
Yredelemnul
Zin
The Shining One

Shops:
D:5 !


Message History

The troll claws you but does no damage.
You feel sick.
You feel sick.
You feel sick.
There is a stone staircase leading up here.
You claw the troll!
The troll is heavily wounded.
The troll barely misses you. You block the troll's attack. x2
You mangle the troll!!
The troll is almost dead.
You feel sick. The troll barely misses you. You block the troll's attack.
The troll claws you!
You closely miss the troll.
The troll is almost dead.
You block the troll's attack. x2; The troll claws you!
5615 ||| READING 3 scrolls of teleportation.
As you read the scroll of teleportation, it crumbles to dust.
You feel strangely unstable.
You feel sick. The troll bites you!
You die...

#......# #......#
#......# ###......#####
##......#.....## ###
##...........=..#.
#..###...%............#
#....#............$....
#.##.....@T............
#.##...........>......#
#.#...........)%.$....#
#...#.................#
##..####................
#....####......(.....##.
#[##..# ###.###(####..#
#.###.# #.....# #.# #<#
#.# #####.# ...


You could see a troll.

Vanquished Creatures
  The ghost of Mirai the Thaumaturge, a novice DECj (D:5)
  An orc warrior (D:6)
  An ice beast (D:6)
  A phantom (D:6)
  An ogre (D:6)
  3 centaurs
  4 bullfrogs
  A wyvern skeleton (D:6)
  A scorpion (D:6)
  3 killer bees (D:7)
  4 wights (D:6)
  A howler monkey (D:6)
  2 crimson imps
  A jelly (D:5)
  4 hounds
  2 orc priests
  Natasha (thrice) (D:3)
  An iguana (D:5)
  5 orc wizards
  9 worker ants
  5 adders
  2 shadow imps
  2 oozes
  3 worms
  3 dart slugs
  3 leopard geckos
  29 orcs
  8 giant cockroaches
  7 goblins
  4 hobgoblins
  15 jackals
  7 kobolds
  5 quokkas
  3 ball pythons
  3 bats
  5 frilled lizards
  A leopard gecko skeleton (D:4)
  A quokka skeleton (D:4)
  A rat (D:2)
156 creatures vanquished.

Notes
Turn   | Place    | Note
-------+----------+-------------------------------------------
     0 | D:1      | KleinerIrrer the Troll Hunter began the quest for the Orb.
     0 | D:1      | Reached XP level 1. HP: 19/19 MP: 0/0
     0 | D:1      | 0 ||| counter = 1
   159 | D:1      | Reached skill level 1 in Unarmed Combat
   276 | D:1      | Reached XP level 2. HP: 27/27 MP: 1/1
   410 | D:1      | Reached skill level 2 in Unarmed Combat
   656 | D:1      | Found a glowing golden altar of the Shining One.
   700 | D:1      | 700 ||| UPGRADING to runed shield.
   705 | D:1      | 705 ||| READING scroll labeled RESEPO WESHYR.
   709 | D:1      | 709 ||| DROPPING 2 throwing nets.
   770 | D:2      | Reached XP level 3. HP: 33/33 MP: 2/2
   960 | D:2      | Reached skill level 1 in Shields
  1279 | D:2      | 1279 ||| READING scroll labeled QADO LUIBRO.
  1280 | D:2      | 1280 ||| DRINKING 2 bubbling orange potions.
  1281 | D:2      | 1281 ||| DROPPING potion of flight.
  1333 | D:3      | Reached skill level 3 in Unarmed Combat
  1445 | D:3      | Reached XP level 4. HP: 41/41 MP: 3/3
  1809 | D:3      | Reached skill level 4 in Unarmed Combat
  1855 | D:3      | Noticed Natasha
  1859 | D:3      | Killed Natasha
  1911 | D:3      | Reached XP level 5. HP: 47/48 MP: 4/4
  2075 | D:3      | Noticed Natasha
  2080 | D:3      | Killed Natasha
  2091 | D:3      | Noticed Natasha
  2095 | D:3      | Killed Natasha
  2095 | D:3      | Reached skill level 5 in Unarmed Combat
  2161 | D:3      | 2161 ||| READING scroll labeled MOHIJUSHR WAIZXOA.
  2162 | D:3      | 2162 ||| READING scroll labeled NINUQIPL REAT.
  2163 | D:3      | 2163 ||| READING scroll labeled WEXIRUK DISES.
  2193 | D:4      | 2193 ||| STAIRDANCE
  2195 | D:3      | 2195 ||| Stepping ~*~*~tactically~*~*~ (outnumbered).
  2466 | D:4      | Noticed a centaur
  2474 | D:4      | Killed a centaur
  2474 | D:4      | Reached XP level 6. HP: 45/57 MP: 5/5
  2671 | D:4      | 2671 ||| Stepping ~*~*~tactically~*~*~ (outnumbered).
  2672 | D:4      | 2672 ||| Stepping ~*~*~tactically~*~*~ (outnumbered).
  2676 | D:4      | HP: 13/57 [orc priest/divine providence (9)]
  2677 | D:4      | 2677 ||| READING scroll of teleportation.
  2858 | D:4      | Found a staircase to the Ecumenical Temple.
  2865 | Temple   | Entered the Ecumenical Temple
  2866 | Temple   | 2866 ||| Entered T.
  2937 | Temple   | Became a worshipper of Warmaster Okawaru
  3058 | Temple   | 3058 ||| READING 2 scrolls of identify.
  3058 | Temple   | 3058 ||| IDENTIFYING twisted bronze amulet
  3059 | Temple   | 3059 ||| DROPPING amulet of rage.
  3060 | Temple   | 3060 ||| READING scroll of identify.
  3060 | Temple   | 3060 ||| IDENTIFYING tourmaline ring
  3061 | Temple   | 3061 ||| DROPPING cursed -2 ring of evasion.
  3533 | D:5      | Entered Level 5 of the Dungeon
  3601 | D:5      | Noticed Mirai's ghost (novice DECj)
  3617 | D:5      | Killed Mirai's ghost
  3617 | D:5      | Reached * piety under Okawaru
  3617 | D:5      | Reached skill level 7 in Unarmed Combat
  3617 | D:5      | Reached XP level 7. HP: 40/65 MP: 6/6
  3734 | D:5      | Reached skill level 1 in Invocations
  3781 | D:5      | 3781 ||| INVOKING Heroism.
  3900 | D:5      | Found Vomile's Distillery.
  3905 | D:5      | Bought a potion of curing for 39 gold pieces
  3905 | D:5      | Bought a potion of heal wounds for 65 gold pieces
  3905 | D:5      | 3905 ||| SHOPLISTING potion of haste (130 gold, have 107).
  3905 | D:5      | 3905 ||| SHOPLISTING potion of resistance (130 gold, have 107).
  3905 | D:5      | Bought a potion of heal wounds for 65 gold pieces
  4161 | D:5      | Found a basalt altar of Yredelemnul.
  4162 | D:5      | Found a glowing silver altar of Zin.
  4163 | D:5      | Found a stormy altar of Qazlal.
  4167 | D:5      | Found a deep blue altar of Sif Muna.
  4301 | D:5      | 4301 ||| READING scroll labeled NAXUSI MEULO.
  4302 | D:5      | 4302 ||| READING scroll of identify.
  4302 | D:5      | 4302 ||| IDENTIFYING shiny sapphire ring
  4303 | D:5      | 4303 ||| UPGRADING to cursed ring of protection from magic.
  4304 | D:5      | 4304 ||| READING scroll of remove curse.
  4326 | D:6      | Reached skill level 8 in Unarmed Combat
  4326 | D:6      | Reached XP level 8. HP: 62/72 MP: 8/8
  4362 | D:6      | 4362 ||| INVOKING Heroism.
  4384 | D:6      | Reached ** piety under Okawaru
  4402 | D:6      | Reached skill level 3 in Invocations
  4407 | D:6      | Reached skill level 3 in Fighting
  4484 | D:6      | 4484 ||| INVOKING Heroism.
  4595 | D:6      | 4595 ||| INVOKING Heroism.
  4598 | D:6      | Reached skill level 3 in Shields
  4599 | D:6      | 4599 ||| Stepping ~*~*~tactically~*~*~ (outnumbered).
  4605 | D:6      | 4605 ||| Stepping ~*~*~tactically~*~*~ (outnumbered).
  4606 | D:6      | 4606 ||| Stepping ~*~*~tactically~*~*~ (outnumbered).
  4607 | D:6      | 4607 ||| Stepping ~*~*~tactically~*~*~ (outnumbered).
  4711 | D:6      | 4711 ||| INVOKING Heroism.
  4714 | D:6      | 4714 ||| Stepping ~*~*~tactically~*~*~ (outnumbered).
  4715 | D:6      | 4715 ||| Stepping ~*~*~tactically~*~*~ (outnumbered).
  4716 | D:6      | 4716 ||| Stepping ~*~*~tactically~*~*~ (outnumbered).
  4717 | D:6      | 4717 ||| Stepping ~*~*~tactically~*~*~ (outnumbered).
  4718 | D:6      | 4718 ||| Stepping ~*~*~tactically~*~*~ (outnumbered).
  4719 | D:6      | 4719 ||| Stepping ~*~*~tactically~*~*~ (outnumbered).
  4721 | D:6      | 4721 ||| Stepping ~*~*~tactically~*~*~ (outnumbered).
  4722 | D:6      | 4722 ||| Stepping ~*~*~tactically~*~*~ (outnumbered).
  4839 | D:6      | 4839 ||| Stepping ~*~*~tactically~*~*~ (outnumbered).
  4840 | D:6      | 4840 ||| Stepping ~*~*~tactically~*~*~ (outnumbered).
  4841 | D:6      | 4841 ||| Stepping ~*~*~tactically~*~*~ (outnumbered).
  4843 | D:6      | 4843 ||| Stepping ~*~*~tactically~*~*~ (outnumbered).
  4844 | D:6      | Reached skill level 9 in Unarmed Combat
  4847 | D:6      | 4847 ||| INVOKING Heroism.
  4849 | D:6      | 4849 ||| Stepping ~*~*~tactically~*~*~ (outnumbered).
  4854 | D:6      | 4854 ||| Stepping ~*~*~tactically~*~*~ (outnumbered).
  4856 | D:6      | 4856 ||| Stepping ~*~*~tactically~*~*~ (outnumbered).
  4857 | D:6      | 4857 ||| Stepping ~*~*~tactically~*~*~ (outnumbered).
  4858 | D:6      | 4858 ||| Stepping ~*~*~tactically~*~*~ (outnumbered).
  4912 | D:6      | Reached XP level 9. HP: 81/81 MP: 11/11
  4915 | D:6      | 4915 ||| INVOKING Heroism.
  5375 | D:6      | 5375 ||| READING scroll labeled QUDYAS CINWIWK.
  5376 | D:6      | 5376 ||| DRINKING 2 white potions.
  5377 | D:6      | 5377 ||| DRINKING 3 dark potions.
  5378 | D:6      | 5378 ||| DROPPING potion of agility.
  5379 | D:6      | 5379 ||| DROPPING 2 potions of degeneration.
  5439 | D:7      | 5439 ||| INVOKING Heroism.
  5442 | D:7      | 5442 ||| Stepping ~*~*~tactically~*~*~ (outnumbered).
  5447 | D:7      | Reached skill level 10 in Unarmed Combat
  5453 | D:7      | 5453 ||| STAIRDANCE
  5471 | D:7      | 5471 ||| STAIRDANCE
  5491 | D:7      | 5491 ||| STAIRDANCE
  5505 | D:7      | 5505 ||| STAIRDANCE
  5507 | D:6      | 5507 ||| Stepping ~*~*~tactically~*~*~ (outnumbered).
  5515 | D:7      | 5515 ||| STAIRDANCE
  5595 | D:7      | 5595 ||| INVOKING Heroism.
  5599 | D:7      | Noticed a troll
  5614 | D:7      | HP: 13/84 [troll (14)]
  5615 | D:7      | 5615 ||| READING 3 scrolls of teleportation.
  5615 | D:7      | Slain by a troll

Vault maps used:
D:1:      elethiomel_arrival_quiet, tso_altar
D:3:      first_ration, uniq_natasha
D:4:      minmay_temple_entry_butterflies
D:5:      cheibrodos_iron_armory, minitemple, serial_shops, shop,
          minmay_misc_feat_chi
D:6:      minmay_bent
D:7:      st_stairs_5
Temple:   dpeg_five_rooms_temple

Skill      XL: |  1  2  3  4  5  6  7  8  9 |
---------------+----------------------------+-----
Unarmed Combat | 1 2 3 4 5 7 8 9 10 | 10.0
Shields        | 1 2 3 |  3.0
Fighting       | 2 3 4 |  4.0
Invocations    | 2 4 |  4.0
Throwing       | |  3.6
Dodging        | |  1.5
Stealth        | |  0.3

Action                   |  1- 3 |  4- 6 |  7- 9 || total
-------------------------+-------+-------+-------++-------
Melee: Unarmed           |    52 |   126 |   160 ||   338
Throw: Large rock        |    32 |    21 |    21 ||    74
       Tomahawk          |     5 |     4 |    21 ||    30
Invok: Heroism           |       |       |     9 ||     9
  Use: Scroll            |     2 |     6 |     5 ||    13
       Potion            |     1 |       |     2 ||     3
  Eat: Chunk             |    19 |    14 |    24 ||    57
Armor: Robe              |    13 |    21 |    24 ||    58
Dodge: Dodged            |    22 |    26 |    38 ||    86
Block: Shield            |     3 |    41 |    79 ||   123

Table legend:
 A = Spawn XP
 B = Non-spawn XP
 C = Spawn XP percentage of total XP
 D = Spawn monster count
 E = Non-spawn monster count
 F = Spawn count percentage of total count
 G = Total turns spent on level
                    A         B        C        D         E        F      G
               +---------+---------+-------+---------+---------+-------+---------
         Total |       0 |    3629 |   0.0 |       0 |     156 |   0.0 |  5615
               +---------+---------+-------+---------+---------+-------+---------
           D:1 |       0 |      32 |   0.0 |       0 |      15 |   0.0 |   716
           D:2 |       0 |      25 |   0.0 |       0 |      12 |   0.0 |   593
           D:3 |       0 |     226 |   0.0 |       0 |      33 |   0.0 |   896
           D:4 |       0 |     370 |   0.0 |       0 |      21 |   0.0 |  1082
           D:5 |       0 |     755 |   0.0 |       0 |      10 |   0.0 |   787
           D:6 |       0 |    1783 |   0.0 |       0 |      53 |   0.0 |  1154
           D:7 |       0 |     438 |   0.0 |       0 |      12 |   0.0 |   141
               +---------+---------+-------+---------+---------+-------+---------
